[Event "*** Titled Tuesday 3|2 Blitz"]
[Site "Chess.com"]
[Date "2017.05.02"]
[Round "2"]
[White "Lawliet64"]
[Black "silverback96"]
[Result "1-0"]
[WhiteElo "2016"]
[BlackElo "2075"]
[TimeControl "180+2"]
[EndTime "13:19:54 PDT"]
[Termination "Lawliet64 won by checkmate"]

1. e4 e5 2. Nf3 Nf6 3. Nc3 Bb4 4.
d3 O-O 5. Be2 d5 6. exd5 Nxd5 7.
Bd2 Nf4 8. Bxf4 exf4 9. O-O Nc6 10. d4 Ne7 11. a3 Bxc3 12. bxc3 Nd5 13. c4 Nc3 14.
Qd3 Nxe2+ 15. Qxe2 Bg4 16. Rfd1 Re8 17. Qd3 Qd6 18. h3 Bxf3 19. Qxf3 Re7 20. Qxb7 Rae8 21. Qd5 Qg6 22. Rd2 Re6 23. Qf3 Qg5 24. c5 c6 25. c4 h5 26. d5 cxd5 27. cxd5 Re1+ 28. Rxe1 Rxe1+ 29. Kh2 h4 30. d6 Qd8 31. c6 Rc1 32. c7 Qd7 33. Qa8+ Kh7 34. Qd8 Qb5 35. c8=Q Qf1 36.
Qxh4+ Kg6 37. Qcg4# 1-0

[Event "*** Titled Tuesday 3|2 Blitz"]
[Site "Chess.com"]
[Date "2017.05.02"]
[Round "2"]
[White "wonderfultime"]
[Black "NewBornNow"]
[Result "0-1"]
[WhiteElo "2571"]
[BlackElo "2547"]
[TimeControl "180+2"]
[EndTime "13:19:59 PDT"]
[Termination "NewBornNow won by resignation"]

1. d4 Nf6 2. c4 d6 3. Nc3 Bf5 4. f3 e5 5. e4 exd4 6. Qxd4 Nc6 7. Qd1 Be6 8. Be3 g6 9. Qd2 Bg7 10. b3 O-O 11. Nge2 Nd7 12. Nf4 a5 13. Be2 a4 14.
O-O Nc5 15. Rab1 axb3 16. axb3 Ra3 17. Bd1 Ra8 18. Ncd5 Ne5 19. Be2 c6 20. Nc3 Nxb3 21.
Rxb3 Nxc4 22. Bxc4 Bxc4 23. Rxb7 Bxf1 24. Kxf1 Ra1+ 25. Kf2 Qh4+ 26. Ke2 d5 27. exd5 cxd5 28.
Ncxd5 Qxh2 29. Bd4 Re8+ 30. Ne7+ Kf8 31. Bxg7+ Kxg7 32.
Qd4+ Kh6 33. Qxa1 Qxf4 34. Qa3 Qc4+ 35. Qd3 Qh4 36. Qe3+ Kg7 37. Nf5+ gxf5 38. Qxe8 Qc4+ 39. Kf2 Qh4+ 40. Ke3 Qe1+ 0-1

[Event "*** Titled Tuesday 3|2 Blitz"]
[Site "Chess.com"]
[Date "2017.05.02"]
[Round "2"]
[White "JusticeBot"]
[Black "Michelangelo"]
[Result "0-1"]
[WhiteElo "2523"]
[BlackElo "2581"]
[TimeControl "180+2"]
[EndTime "13:20:00 PDT"]
[Termination "Michelangelo won by checkmate"]

1. e4 c5 2. c3 d5 3. exd5 Qxd5 4.
d4 Nc6 5. Nf3 Bf5 6. Be2 Bxb1 7.
Rxb1 cxd4 8. cxd4 Nf6 9. Ra1 e6 10. O-O Bd6 11. Be3 O-O 12. Qb3 Qxb3 13. axb3 Nd5 14. Rfc1 Rfd8 15. Nd2 Be7 16. Ne4 Rac8 17. Nc5 Nxe3 18. fxe3 Bg5 19. Rc3 b6 20. Ne4 Bh6 21. Bb5 Na5 22. Kf2 f5 23. b4 Nb3 24. Rxb3 Rc2+ 25.
Kf3 fxe4+ 26. Kxe4 Rxg2 27. Rxa7 Rxh2 28. Bc4 Rd6 29. Rc3 Bg5 30. Bxe6+ Rxe6+ 31. Kf5 Rf6+ 32. Kxg5 Rg2+ 33. Kh4 Rh6# 0-1

[Event "*** Titled Tuesday 3|2 Blitz"]
[Site "Chess.com"]
[Date "2017.05.02"]
[Round "2"]
[White "severomorskij"]
[Black "Iball95"]
[Result "1-0"]
[WhiteElo "2685"]
[BlackElo "2501"]
[TimeControl "180+2"]
[EndTime "13:20:03 PDT"]
[Termination "severomorskij won by resignation"]

1. d4 Nf6 2. Bg5 Ne4 3. Bf4 d5 4. f3 Nf6 5. e4 dxe4 6. Nc3 exf3 7. Nxf3 c6 8. Bc4 Bf5 9. Ne5 e6 10. Qf3 Nbd7 11. O-O-O Be7 12. g4 Bg6 13. h4 Nd5 14. Bxd5 exd5 15. h5 Be4 16. Nxe4 dxe4 17. Qxe4 Nf6 18.
Qd3 Nd5 19. Bd2 Bg5 20. Kb1 h6 21. c4 Nc7 22. Bb4 Na6 23. Ba3 Qc7 24. Qf5 c5 25. Ng6 fxg6 26. Rhe1+ Be7 27. Qxg6+ Kf8 28. dxc5 Kg8 29. Qe6+ Kh7 30. Qe4+ Kg8 31. Qxe7 Qxe7 32. Rxe7 Rc8 33. Rdd7 Rh7 34. Rxb7 1-0

[Event "*** Titled Tuesday 3|2 Blitz"]
[Site "Chess.com"]
[Date "2017.05.02"]
[Round "2"]
[White "Keranke"]
[Black "Alexander_Donchenko"]
[Result "1-0"]
[WhiteElo "2619"]
[BlackElo "2507"]
[TimeControl "180+2"]
[EndTime "13:20:22 PDT"]
[Termination "Keranke won by resignation"]

1. d4 Nf6 2. Nf3 e6 3. Bf4 d5 4. e3 Bd6 5. Ne5 O-O 6. Nd2 c5 7. c3 Nc6 8. Bd3 Qc7 9. Ndf3 Nd7 10. Nxd7 Qxd7 11. Bxh7+ Kxh7 12. Ng5+ Kg6 13. Qg4 Bxf4 14.
exf4 f5 15. Qh4 Qe8 16. Qh7+ Kf6 17. Qh4 Rh8 18. Ne4+ Kg6 19. Qg3+ Kh7 20. Ng5+ Kg8 21. dxc5 Nd8 22. O-O Nf7 23. Nf3 Qb5 24. b4 a5 25. a3 Bd7 26. Rfe1 Rh6 27. Nd4 Qc4 28. Rad1 axb4 29. cxb4 Qa6 30. Re3 Qa4 31. Rde1 Ra6 32. h3 b6 33. c6 Bxc6 34. Nxe6 Rh7 35. Qg6 Bd7 36. Ng5 1-0

[Event "*** Titled Tuesday 3|2 Blitz"]
[Site "Chess.com"]
[Date "2017.05.02"]
[Round "2"]
[White "WeiYi1999"]
[Black "Abdodi"]
[Result "1-0"]
[WhiteElo "2085"]
[BlackElo "2064"]
[TimeControl "180+2"]
[EndTime "13:20:24 PDT"]
[Termination "WeiYi1999 won by resignation"]

1. e4 c6 2. d4 d5 3. Nc3 dxe4 4. Nxe4 Bf5 5. Ng3 Bg6 6. h4 h6 7. Nf3 Nd7 8. h5 Bh7 9. Bd3 Bxd3 10. Qxd3 Ngf6 11. Bd2 Qc7 12. O-O-O e6 13. Kb1 Bd6 14.
Ne4 Nxe4 15. Qxe4 Nf6 16. Qe2 O-O-O 17. c4 c5 18. Bc3 Kb8 19. Ne5 Bxe5 20. dxe5 Nd7 21.
f4 Nb6 22. g4 Na4 23. Rh3 Nxc3+ 24. Rxc3 Rxd1+ 25. Qxd1 Rd8 26. Rd3 Rxd3 27. Qxd3 Kc8 28.
Kc2 Qe7 29. Qh7 f6 30. exf6 Qxf6 31. Qe4 a6 32. f5 exf5 33. Qxf5+ Qxf5+ 34. gxf5 Kd7 35. Kd3 Ke7 36. Ke4 Kd6 37. a4 a5 38.
Kf4 Ke7 39. Ke5 Kf7 40. Kd5 b6 41. Kc6 Kf6 42. Kxb6 Kxf5 43. Kxa5 g6 44. hxg6 Kxg6 45. Kb6 h5 46. a5 h4 47. a6 h3 48. a7 h2 49.
a8=Q 1-0

[Event "*** Titled Tuesday 3|2 Blitz"]
[Site "Chess.com"]
[Date "2017.05.02"]
[Round "2"]
[White "pedroholly22"]
[Black "matiss90"]
[Result "0-1"]
[WhiteElo "2271"]
[BlackElo "2349"]
[TimeControl "180+2"]
[EndTime "13:20:25 PDT"]
[Termination "matiss90 won on time"]

1. d4 Nf6 2. c4 g6 3. Nf3 Bg7 4. Nc3 O-O 5. e4 d6 6. h3 Na6 7. Be3 e5 8. d5 Nc5 9. Qc2 a5 10. Nd2 c6 11. O-O-O cxd5 12. exd5 b6 13. g4 a4 14. Nde4 Nfxe4 15. Nxe4 f5 16. Bg5 Qc7 17. Nxc5 bxc5 18. h4 h6 19. Bd2 fxg4 20. Bd3 Bf5 21. Rdg1 Rab8 22. Bc3 a3 23. b3 Qf7 24. h5 gxh5 25.
Bd2 Bxd3 26. Qxd3 Qf5 27. Kc2 e4 28. Qe3 Bd4 29. Qxh6 e3+ 30. Kd1 Qb1+ 31. Bc1 Qd3+ 0-1

[Event "*** Titled Tuesday 3|2 Blitz"]
[Site "Chess.com"]
[Date "2017.05.02"]
[Round "2"]
[White "Robin-Side"]
[Black "maciek_92"]
[Result "0-1"]
[WhiteElo "2254"]
[BlackElo "2503"]
[TimeControl "180+2"]
[EndTime "13:20:28 PDT"]
[Termination "maciek_92 won by resignation"]

1. e4 c5 2. Nf3 Nc6 3. Nc3 g6 4.
d4 cxd4 5. Nxd4 Bg7 6. Nb3 Nf6 7.
Be2 O-O 8. O-O a5 9. a4 d6 10.
Bg5 Be6 11. Kh1 Rc8 12. f4 Nb4 13. Bf3 Qb6 14. Nd4 Bc4 15. Re1 e5 16. Ndb5 Bxb5 17. axb5 exf4 18. Bxf4 Rfd8 19. Qe2 Nd7 20. Bg5 Re8 21.
Be3 Nc5 22. Na4 Qc7 23. c3 Nbd3 24. Red1 Ne5 25. Nxc5 dxc5 26. Rd5 b6 27. Rad1 Rcd8 28. Bf4 h5 29. Qf2 Rxd5 30. Rxd5 Qe7 31. Qg3 Nc4 32.
Qf2 Rd8 33. Bg5 Bf6 34. Bf4 Be5 35. Bxe5 Rxd5 36. exd5 Qxe5 37. Qe2 Qxe2 38. Bxe2 Nd6 39. Kg1 Kg7 40. Kf2 Kf6 41. Ke3 Ke5 42. Bf3 h4 43. h3 Nc4+ 44. Kd3 Nxb2+ 45. Ke3 Nc4+ 46. Kd3 Nd6 47. c4 f5 48. Bd1 Kf4 49. Bf3 Kg3 50. Kc3 g5 51. Kd3 g4 52. hxg4 fxg4 53. Bd1 h3 54. gxh3 gxh3 55. Ke3 Nxc4+ 56. Ke4 h2 57. Bf3 Nd2+ 58. Ke3 Nxf3 0-1

[Event "*** Titled Tuesday 3|2 Blitz"]
[Site "Chess.com"]
[Date "2017.05.02"]
[Round "2"]
[White "Larax"]
[Black "rithwik2002"]
[Result "1-0"]
[WhiteElo "1976"]
[BlackElo "1875"]
[TimeControl "180+2"]
[EndTime "13:20:29 PDT"]
[Termination "Larax won by resignation"]

1. e4 e6 2. d4 d5 3. Nc3 Nf6 4. Bg5 dxe4 5. Nxe4 Be7 6. Bxf6 gxf6 7. g3 a6 8. Bg2 f5 9. Nc3 Bf6 10. Nge2 Nd7 11.
Qd2 Rb8 12. O-O-O b5 13. Nf4 Nb6 14. b3 Qd6 15. Nh5 Qa3+ 16. Kb1 Nc4 17. Qc1 Qa5 18. Nxf6+ Kf8 19. Qh6+ Ke7 20. Ncd5+ Kd8 21. Qg5 Qa3 22. Ne8+ Kd7 23. Ndf6+ Kd8 24. Qc1 Qxc1+ 25. Kxc1 Nb6 26. d5 Ke7 27. dxe6 fxe6 28. Rhe1 Bb7 29. Bxb7 c6 1-0

[Event "*** Titled Tuesday 3|2 Blitz"]
[Site "Chess.com"]
[Date "2017.05.02"]
[Round "2"]
[White "djano"]
[Black "saraswathii"]
[Result "1/2-1/2"]
[WhiteElo "2392"]
[BlackElo "2218"]
[TimeControl "180+2"]
[EndTime "13:20:32 PDT"]
[Termination "Game drawn by repetition"]

1. d4 d5 2. Bf4 Bf5 3. e3 c6 4. c4 Nf6 5. Nc3 e6 6. Qb3 Qb6 7. c5 Qxb3 8. axb3 Nbd7 9. b4 Nh5 10.
Nge2 Nxf4 11. Nxf4 e5 12. Nfe2 Be7 13. Kd2 Bf6 14. b5 O-O 15. b4 exd4 16. Nxd4 Bxd4 17.
exd4 Nf6 18. f3 h5 19. Bd3 Bxd3 20. Kxd3 cxb5 21. Nxb5 a6 22. Nd6 Rab8 23. Rhe1 Ne8 24. Nf5 Nf6 25. Re7 Rfe8 26. Rae1 Rf8 27. Nd6 Kh7 28.
Rxb7 Rxb7 29. Nxb7 Rb8 30. c6 Ne8 31. Rxe8 Rxe8 32.
Nd6 Re7 33. b5 Rc7 34. Ne8 Rc8 35. Nd6 Rc7 36. Ne8 Rc8 37. Nd6 Rc7 38. Ne8 Rc8 1/2-1/2

[Event "*** Titled Tuesday 3|2 Blitz"]
[Site "Chess.com"]
[Date "2017.05.02"]
[Round "2"]
[White "DavidForthoffer"]
[Black "XiaoKangZhong"]
[Result "1-0"]
[WhiteElo "2100"]
[BlackElo "2002"]
[TimeControl "180+2"]
[EndTime "13:20:35 PDT"]
[Termination "DavidForthoffer won by checkmate"]

1. d4 Nf6 2. c4 g6 3. Nc3 d5 4.
Nf3 Bg7 5. e3 O-O 6. Bd2 e6 7.
Qb3 b6 8. Ne5 Bb7 9. Rc1 Nbd7 10. f4 Rc8 11. c5 c6 12. cxb6 Nxb6 13. Na4 Nfd7 14. Nxd7 Qxd7 15. Bb4 Rfe8 16. Nc5 Qc7 17. Ba5 f6 18. Bd3 e5 19. O-O exd4 20. exd4 f5 21. Qb4 Bf6 22. Rcd1 Qg7 23. Nxb7 Qxb7 24. Bc2 Rb8 25. Bb3 Qg7 26. Qc5 Rec8 27. Bc3 Nd7 28. Qd6 Rb6 29. Rfe1 Nf8 30. Qa3 Rb7 31. g3 Kh8 32.
Kg2 Nd7 33. Re2 Nb6 34. Rde1 Rg8 35. Re8 Bxd4 36. Rxg8+ Kxg8 37. Qd6 Bxc3 38. Re8+ Kf7 39. Qe6# 1-0

[Event "*** Titled Tuesday 3|2 Blitz"]
[Site "Chess.com"]
[Date "2017.05.02"]
[Round "2"]
[White "Saitama_Hero"]
[Black "sergiochess83"]
[Result "0-1"]
[WhiteElo "2265"]
[BlackElo "2661"]
[TimeControl "180+2"]
[EndTime "13:20:36 PDT"]
[Termination "sergiochess83 won by resignation"]

1. d4 Nf6 2. c4 g6 3. Nc3 d5 4.
cxd5 Nxd5 5. Bd2 Nb6 6. Bg5 Bg7 7. Nf3 h6 8. Bh4 O-O 9. e3 N8d7 10. Be2 Nf6 11. O-O c6 12. h3 Bf5 13. Re1 Re8 14.
Bf1 Nbd5 15. Rc1 Qb6 16. Na4 Qa5 17. a3 Ne4 18. b4 Qc7 19. Nc5 Rad8 20. Bd3 Nxc5 21.
Rxc5 Bxd3 22. Qxd3 a6 23. Bg3 Qb6 24. Nd2 Qa7 25.
Rc2 e5 26. Nb3 exd4 27. Nxd4 Bxd4 28. Rd1 Bf6 29. Rcd2 Qb6 30. Qb3 Nc3 31. Rxd8 Rxd8 32. Rxd8+ Qxd8 33. Kh2 Qd1 34. Qc4 Ne2 35. h4 Nxg3 36.
Kxg3 Qd6+ 37. f4 Qe7 38. Kf3 Bxh4 39. a4 h5 40. b5 axb5 41. axb5 cxb5 42. Qxb5 Bf6 43.
e4 Bd4 44. Qd3 Qc5 45. e5 Qc3 46. Qxc3 Bxc3 47. Ke4 b5 48. Kd5 b4 49. Kc4 Bd2 50. g3 Be1 0-1

[Event "*** Titled Tuesday 3|2 Blitz"]
[Site "Chess.com"]
[Date "2017.05.02"]
[Round "2"]
[White "Astaneh"]
[Black "stepanosinovsky"]
[Result "1-0"]
[WhiteElo "2442"]
[BlackElo "2216"]
[TimeControl "180+2"]
[EndTime "13:20:36 PDT"]
[Termination "Astaneh won on time"]

1. d4 Nf6 2. c4 g6 3. Nc3 Bg7 4. e4 O-O 5. h3 e6 6. e5 Ne8 7. Nf3 d6 8. Bf4 Nd7 9. Be2 c5 10. dxc5 dxc5 11. Qd2 f6 12. exf6 Nexf6 13. Bd6 Re8 14. O-O e5 15. Rfd1 e4 16. Ng5 b6 17.
Ncxe4 Bb7 18. Bf3 Nxe4 19. Nxe4 Rxe4 20. Bxe4 Bxe4 21. Bxc5 bxc5 22. Qxd7 Qxd7 23. Rxd7 Bxb2 24. Re1 Bf5 25. Rc7 Bd4 26. g4 Bd3 27. Rd1 Bc2 28. Rd2 Bb1 29. Kg2 a5 30. f3 a4 31.
Rb7 Bc3 32. Re2 Bb4 33. a3 Bd3 34. Re3 Bxc4 35. axb4 a3 36. Re1 1-0

[Event "*** Titled Tuesday 3|2 Blitz"]
[Site "Chess.com"]
[Date "2017.05.02"]
[Round "2"]
[White "martinique24"]
[Black "sorito"]
[Result "0-1"]
[WhiteElo "2435"]
[BlackElo "2379"]
[TimeControl "180+2"]
[EndTime "13:20:40 PDT"]
[Termination "sorito won by resignation"]

1. e4 c5 2. Nf3 a6 3. c4 Nc6 4.
Nc3 e5 5. a3 d6 6. Rb1 Bg4 7. h3 Bxf3 8. Qxf3 Nd4 9. Qd1 Nf6 10.
d3 Be7 11. g4 O-O 12. Bg2 Ne8 13.
O-O Bg5 14. Be3 Nc7 15. Nd5 Nxd5 16. cxd5 Rc8 17. b4 cxb4 18. Bxd4 exd4 19. f4 Bh4 20.
Rxb4 b5 21. Kh1 f6 22. Rxd4 Rc3 23. a4 Qb6 24. Rb4 Rfc8 25. axb5 axb5 26. Qb1 R3c5 27. d4 Rc2 28. Rxb5 Qxd4 29. Rb8 Bg3 30. Qxc2 Rxb8 31. Qc7 Qb4 32. g5 Qb6 33. Qxb6 Rxb6 34. gxf6 gxf6 35. h4 Rb2 36. h5 Kg7 37. Rf3 Bf2 38. Kh2 Kh6 39. Rc3 Kxh5 40. Rc7 Kg4 41. Rg7+ Kxf4 42. Rxh7 Bg3+ 43. Kh3 Rb3 44. Rf7 Kg5 45. Rd7 Be5+ 46. Bf3 Rxf3+ 47. Kg2 Rf4 48. Rg7+ Kh6 49. Rg8 Rxe4 50.
Kf3 Rd4 51. Rg1 f5 52. Rg2 Rd3+ 53. Ke2 Rxd5 0-1

[Event "*** Titled Tuesday 3|2 Blitz"]
[Site "Chess.com"]
[Date "2017.05.02"]
[Round "2"]
[White "Rodalquilar"]
[Black "Msb2"]
[Result "1-0"]
[WhiteElo "2541"]
[BlackElo "2559"]
[TimeControl "180+2"]
[EndTime "13:20:48 PDT"]
[Termination "Rodalquilar won by resignation"]

1. d4 Nf6 2. Bf4 d5 3. e3 c5 4. Nf3 Nc6 5. Nbd2 cxd4 6. exd4 Bf5 7. c3 e6 8. Qb3 Qc8 9. Nh4 Be4 10. Nhf3 h6 11.
Nxe4 Nxe4 12. Bd3 Bd6 13. Bxd6 Nxd6 14. O-O O-O 15. Rfe1 b5 16. Bxb5 Rb8 17. a4 Qc7 18.
Ne5 Na5 19. Qc2 Nxb5 20. axb5 Rxb5 21. Ra2 Rfb8 22. Rea1 Nc6 23. Nxc6 Qxc6 24. h3 a5 25. Qd3 Qb6 26. g3 Rc8 27. Qe2 g6 28. h4 h5 29.
Kg2 Rb8 30. Qe5 Qd8 31. Rxa5 Rxb2 32. Ra7 R2b7 33. Qf4 Kg7 34. Qe5+ Qf6 35. Qxf6+ Kxf6 36. Rxb7 Rxb7 37. Rc1 Rc7 38. Kf3 Ra7 39. c4 Ra3+ 40. Kf4 dxc4 41. Rxc4 Rc3 42. Rxc3 Kg7 43. Ke5 1-0

[Event "*** Titled Tuesday 3|2 Blitz"]
[Site "Chess.com"]
[Date "2017.05.02"]
[Round "2"]
[White "Keaton87"]
[Black "Gordima"]
[Result "1-0"]
[WhiteElo "2478"]
[BlackElo "2594"]
[TimeControl "180+2"]
[EndTime "13:20:54 PDT"]
[Termination "Keaton87 won by resignation"]

1. d4 Nf6 2. Nf3 g6 3. Bf4 Bg7 4. e3 O-O 5. Be2 d6 6. O-O b6 7. c4 Bb7 8. h3 e6 9. Nc3 Nbd7 10.
Bh2 Qe7 11. Rc1 Rfd8 12. Qc2 c5 13. dxc5 Nxc5 14. Rfd1 Nfe4 15. Nb5 a6 16. Nbd4 Rac8 17. b4 Nd7 18. Nd2 Nef6 19. Qb3 e5 20. N4f3 d5 21.
cxd5 Nxd5 22. Rxc8 Rxc8 23. Nc4 Ba8 24. e4 Nf4 25. Bxf4 exf4 26. Nd6 Rc3 27. Qxf7+ Qxf7 28. Nxf7 Rc7 29. N7g5 Nf8 30. Rd8 Bb7 31. Rb8 Bc8 32.
e5 h6 33. Ne4 Bf5 34. Nd6 Be6 35. Rxb6 Bxa2 36. Rxa6 Be6 37. b5 Rc1+ 38. Kh2 Rc2 39.
Nd4 Rd2 40. Nxe6 Rxe2 41. Nxg7 Kxg7 42. Ra7+ Kg8 43. b6 Rxe5 44. b7 Nd7 45. Ra8+ Kg7 46.
Rd8 1-0

[Event "*** Titled Tuesday 3|2 Blitz"]
[Site "Chess.com"]
[Date "2017.05.02"]
[Round "2"]
[White "GasconJR"]
[Black "Quiet_Desperation"]
[Result "0-1"]
[WhiteElo "2306"]
[BlackElo "2175"]
[TimeControl "180+2"]
[EndTime "13:20:54 PDT"]
[Termination "Quiet_Desperation won on time"]

1. Nf3 d5 2. g3 c6 3. Bg2 Nf6 4. O-O Bg4 5. c4 Nbd7 6. cxd5 cxd5 7. Nc3 e6 8. d4 a6 9. Ne5 Nxe5 10. dxe5 Nd7 11. f3 Bf5 12. g4 Bg6 13. f4 Bc5+ 14. Kh1 f5 15. g5 Qc7 16. Bd2 h6 17. Rc1 hxg5 18. b4 g4 19. bxc5 Nxc5 20. Be3 b6 21. Na4 Kf7 22. Nxc5 bxc5 23. Rxc5 Qe7 24. Bf2 g3 25. Bg1 Rxh2+ 26. Bxh2 Qh4 27. Rc7+ Kg8 28. Bh3 Qxh3 29. Rf2 gxf2 30. Rc1 d4 31. Qf1 Qh4 32. Kg2 Qg4+ 33. Bg3 Bh5 34. Kxf2 d3 35. Qh1 Qxe2+ 36. Kg1 Qe3+ 37. Kh2 Rd8 0-1

[Event "*** Titled Tuesday 3|2 Blitz"]
[Site "Chess.com"]
[Date "2017.05.02"]
[Round "2"]
[White "spectralsoul"]
[Black "Olkaa"]
[Result "1-0"]
[WhiteElo "2660"]
[BlackElo "2492"]
[TimeControl "180+2"]
[EndTime "13:20:55 PDT"]
[Termination "spectralsoul won by resignation"]

1. e4 c5 2. g3 Nc6 3. Bg2 g6 4.
Ne2 Bg7 5. O-O e6 6. c3 Nge7 7.
d4 cxd4 8. cxd4 d5 9. e5 O-O 10. Nbc3 Nf5 11. h4 Qb6 12. Na4 Qd8 13. Bh3 b6 14.
Bxf5 gxf5 15. Re1 Ba6 16. Nf4 Rc8 17. Nh5 Ne7 18. Bg5 Qc7 19. Rc1 Qb7 20. Nxg7 Kxg7 21. Bf6+ Kg8 22. Qd2 Rxc1 23. Qxc1 f4 24. Qxf4 Rc8 25.
Qg5+ Kf8 26. Qg7+ Ke8 27. Nc3 Bd3 28. Re3 Bg6 29. g4 Kd7 30. Bxe7 Kxe7 31. Rf3 Rf8 32. h5 Bc2 33. Nb5 Qa6 34. Nd6 Qe2 35. Rxf7+ Rxf7 36. Qxf7+ Kd8 37. Qe8+ 1-0

[Event "*** Titled Tuesday 3|2 Blitz"]
[Site "Chess.com"]
[Date "2017.05.02"]
[Round "2"]
[White "Abrito99"]
[Black "Vamostodorecto"]
[Result "1-0"]
[WhiteElo "2277"]
[BlackElo "2350"]
[TimeControl "180+2"]
[EndTime "13:21:01 PDT"]
[Termination "Abrito99 won by checkmate"]

1. e4 e5 2. Nf3 Nc6 3. Bc4 Nf6 4. d3 Be7 5. O-O O-O 6. a4 d6 7. Re1 Kh8 8. Nc3 Ng8 9. d4 Bg4 10. dxe5 Nxe5 11. Be2 Nxf3+ 12. Bxf3 Be6 13. Nd5 c6 14. Nf4 Nf6 15. Nxe6 fxe6 16. e5 Nd5 17.
exd6 Bxd6 18. Rxe6 Qc7 19. Rxd6 Qxd6 20. c4 Rxf3 21.
Qxf3 Rf8 22. Qe2 Nc7 23. Be3 b6 24. a5 c5 25. h4 Ne6 26. axb6 axb6 27. Ra7 Qe5 28.
Qg4 h5 29. Qg6 Rf6 30. Qe8+ Rf8 31. Qg6 Rf6 32. Qe8+ Rf8 33. Qe7 Qf5 34. Rd7 Rf6 35. Rb7 Rg6 36. Rb8+ Kh7 37. Qe8 Rxg2+ 38. Kf1 Qh3 39. Qxh5# 1-0

[Event "*** Titled Tuesday 3|2 Blitz"]
[Site "Chess.com"]
[Date "2017.05.02"]
[Round "2"]
[White "andreimacovei2000"]
[Black "JSMastropiero"]
[Result "0-1"]
[WhiteElo "2347"]
[BlackElo "2220"]
[TimeControl "180+2"]
[EndTime "13:21:07 PDT"]
[Termination "JSMastropiero won by checkmate"]

1. e4 e6 2. d3 c5 3. g3 Nc6 4. Nf3 g6 5. Bg2 Bg7 6. O-O Nge7 7. c3 d5 8. e5 Nxe5 9. Nxe5 Bxe5 10. d4 cxd4 11.
cxd4 Bg7 12. Nc3 Nc6 13. Be3 O-O 14. Qd2 b6 15. Rfc1 Na5 16. b3 Ba6 17. Ne2 Qd7 18. Nf4 Rac8 19. Nd3 Rxc1+ 20. Rxc1 Rc8 21. Ne5 Qe8 22. Rc3 Bf8 23. Qc1 Bb4 24. Rc2 Rxc2 25. Qxc2 Qc8 26. Qd1 Nc6 27. Ng4 h5 28. Nf6+ Kg7 29.
Bg5 Be7 30. Qf3 Qd8 31. Nxh5+ gxh5 32. Bxe7 Qxe7 33. Qxh5 Qf6 34. h4 Bd3 35. Qg4+ Qg6 36. Qf4 Qf5 37. Qe3 Bb1 38. Qc1 Nxd4 39. Qb2 e5 40.
Bxd5 Be4 41. Bxe4 Qxe4 42. b4 Nf3+ 43. Kf1 Qd3+ 44. Kg2 Nd4 45. a4 Qf3+ 46. Kg1 Ne2+ 47. Kf1 Nxg3+ 48. Kg1 Qh1# 0-1

[Event "*** Titled Tuesday 3|2 Blitz"]
[Site "Chess.com"]
[Date "2017.05.02"]
[Round "2"]
[White "Rikikits"]
[Black "vpantev"]
[Result "1-0"]
[WhiteElo "2578"]
[BlackElo "2454"]
[TimeControl "180+2"]
[EndTime "13:21:15 PDT"]
[Termination "Rikikits won by resignation"]

1. e4 c6 2. d4 d5 3. Nc3 dxe4 4. Nxe4 Nf6 5. Ng5 Bf5 6. N1f3 Nbd7 7. Bc4 e6 8. Qe2 Nd5 9. Bd2 Be7 10. h4 h6 11.
Nh3 Bxc2 12. Rc1 Bf5 13. Ne5 Nxe5 14. dxe5 Bb4 15. Bxb4 Nxb4 16. O-O Bxh3 17. gxh3 Qxh4 18. Rc3 Nd5 19. Rg3 Qf4 20. Rg4 Qf5 21. b4 h5 22. Rg3 Nf4 23. Qf3 g5 24. Rd1 g4 25.
hxg4 hxg4 26. Qxg4 Qxg4 27. Rxg4 Ng6 28. f4 Ke7 29. b5 cxb5 30. Bxb5 Rhd8 31. Rf1 Rd4 32. Kg2 a6 33. Be2 Rc8 34. Rf2 b5 35. Kg3 Rc3+ 36.
Rf3 Rc2 37. Bd3 Rc1 38. Kf2 Nh4 39. Rxh4 Ra1 40. Ke3 Rb4 41. Rh2 Rd1 42. Rff2 Ra4 43. Rc2 Ra3 44. Rhd2 Re1+ 45. Kf2 Rh1 46. Be4 Rh2+ 47.
Bg2 Rh4 48. Rd4 Rg4 49. Bf3 Rh4 50. Kg3 Rh7 51. Rc7+ Kf8 52. Rd8+ Kg7 53. Rcc8 Rxa2 54. Rg8+ Kh6 55. Rg4 Ra1 56. Kf2 Ra2+ 57. Be2 Ra1 58. Rcg8 Rh1 59. Bf3 Rh2+ 60. Kg3 Rh5 61. R4g5 1-0

[Event "*** Titled Tuesday 3|2 Blitz"]
[Site "Chess.com"]
[Date "2017.05.02"]
[Round "2"]
[White "1random"]
[Black "SCIM"]
[Result "0-1"]
[WhiteElo "2291"]
[BlackElo "2386"]
[TimeControl "180+2"]
[EndTime "13:21:17 PDT"]
[Termination "SCIM won by checkmate"]

1. d4 Nf6 2. c4 g6 3. f3 d5 4.
cxd5 Nxd5 5. e4 Nb6 6. Nc3 Bg7 7.
Be3 O-O 8. Qd2 e5 9. d5 c6 10. d6 Be6 11. Rd1 N8d7 12. h4 f5 13. Bh6 f4 14.
Bxg7 Kxg7 15. Nh3 h6 16. Nf2 Qf6 17. b3 Rad8 18. Nd3 Rf7 19. Be2 Nc8 20. Nb2 Nc5 21.
b4 Rxd6 22. Qxd6 Nxd6 23. Rxd6 Nd7 24. Bc4 Qe7 25. Rxe6 Qxb4 26. Rxg6+ Kxg6 27. Bxf7+ Kxf7 28. Nd1 Qd4 29. Ne2 Qb4+ 30. Nec3 Nc5 31. Rg1 Nd3+ 32.
Kd2 Nb2 33. Kc2 Nc4 34. g3 Qc5 35. Rg2 Ne3+ 36. Nxe3 Qxe3 37. gxf4 exf4 38. Re2 Qxf3 39. e5 b5 40. e6+ Ke7 41. Kd2 b4 42. Ne4 a5 43.
Nd6 Kxd6 44. e7 Qxe2+ 45. Kc1 Qe1+ 46. Kc2 Qe2+ 47. Kc1 Qe3+ 48. Kc2 Qxe7 49. h5 Qg5 50. a4 Qxh5 51. Kb1 Qe2 52. Kc1 f3 53. Kb1 h5 54.
Ka1 h4 55. Kb1 f2 56. Ka1 h3 57. Kb1 h2 58. Ka1 c5 59. Kb1 c4 60. Ka1 b3 61.
Kb1 Kc5 62. Ka1 Kb4 63. Kb1 c3 64. Ka1 Kxa4 65. Kb1 Kb4 66. Ka1 a4 67. Kb1 a3 68.
Ka1 b2+ 69. Kb1 c2+ 70. Ka2 Qc4# 0-1

[Event "*** Titled Tuesday 3|2 Blitz"]
[Site "Chess.com"]
[Date "2017.05.02"]
[Round "2"]
[White "anon102030"]
[Black "Drags95"]
[Result "0-1"]
[WhiteElo "2594"]
[BlackElo "2542"]
[TimeControl "180+2"]
[EndTime "13:21:31 PDT"]
[Termination "Drags95 won by resignation"]

1. e4 c5 2. Nc3 Nc6 3. g3 g6 4.
Bg2 Bg7 5. d3 e6 6. Be3 Nd4 7.
Qd2 Ne7 8. Nd1 d6 9. c3 Ndc6 10.
Bh6 O-O 11. Bxg7 Kxg7 12. Ne2 b5 13. d4 cxd4 14. cxd4 d5 15. exd5 Nxd5 16. O-O Bb7 17. Rc1 Qd6 18. Ne3 Nf6 19. Rfd1 Rfd8 20. d5 Ne5 21.
Qa5 Bxd5 22. Nf4 Qb6 23. Qxb6 axb6 24. Nfxd5 exd5 25. a3 Nc4 26. Nxd5 Nxb2 27. Nxf6 Rxd1+ 28. Rxd1 Nxd1 29. Bxa8 Kxf6 30. Kf1 Nc3 31. Bc6 Ke5 32. Ke1 Kd4 33. g4 g5 34. h3 f6 35. Be8 h6 36. Bd7 Kc5 37. Bf5 b4 38. Kd2 Nd5 39. axb4+ Kxb4 40. f3 Kc4 41. Be6 Kd4 42. Bd7 Nf4 43.
Kc2 Nxh3 0-1

[Event "*** Titled Tuesday 3|2 Blitz"]
[Site "Chess.com"]
[Date "2017.05.02"]
[Round "2"]
[White "DiogenesSinopeus"]
[Black "GM_Huschenbeth"]
[Result "1-0"]
[WhiteElo "2220"]
[BlackElo "2348"]
[TimeControl "180+2"]
[EndTime "13:21:32 PDT"]
[Termination "DiogenesSinopeus won on time"]

1. d4 d5 2. c4 dxc4 3. e4 b5 4.
Nc3 a6 5. a4 c6 6. Nf3 Bb7 7. Be2 e6 8. O-O Nf6 9. Bg5 h6 10. Bh4 g5 11. Bg3 Nbd7 12. h4 b4 13.
e5 bxc3 14. exf6 cxb2 15. Rb1 g4 16. Ne5 Nxe5 17. Bxe5 Qd5 18. Bxg4 c3 19. Bf3 Qc4 20. Qc2 Ba3 21. Be2 Qb4 22. d5 cxd5 23. Qxc3 Qxa4 24. Qc7 Qd7 25. Qa5 Bd6 26. Bxd6 Qxd6 27. Rxb2 Bc6 28. Rc1 Bd7 29. Rb6 Qe5 30. Qb4 Qxf6 31. Rb7 Rd8 32. Rcc7 Qe7 33. Qd2 O-O 34. Qxh6 d4 35. Bxa6 e5 36.
Bd3 f5 37. Qg6+ Kh8 38. Bb5 d3 39. Rxd7 Rxd7 40. Rxd7 d2 41. Qh6+ 1-0

[Event "*** Titled Tuesday 3|2 Blitz"]
[Site "Chess.com"]
[Date "2017.05.02"]
[Round "2"]
[White "PaulfromSPb"]
[Black "johnathan113"]
[Result "1-0"]
[WhiteElo "2572"]
[BlackElo "2442"]
[TimeControl "180+2"]
[EndTime "13:21:38 PDT"]
[Termination "PaulfromSPb won by resignation"]

1. e4 c5 2. Ne2 g6 3. g3 Bg7 4.
Bg2 e5 5. O-O Nc6 6. c3 d6 7.
Na3 Nge7 8. Nc2 O-O 9. d4 b6 10.
h3 exd4 11. cxd4 Ba6 12. d5 Ne5 13. Ne3 Nd3 14. Qc2 Nb4 15. Qd2 Qd7 16. Rd1 Nd3 17. Qc2 Nb4 18. Qd2 Nd3 19. Nc3 f5 20. Bf1 Bxc3 21.
Qxc3 fxe4 22. Ng4 h5 23. Bxd3 Bxd3 24. Nf6+ Rxf6 25. Qxf6 Rf8 26. Qh4 Nxd5 27. Bh6 Rf7 28. Re1 Qf5 29. g4 hxg4 30. hxg4 Qf3 31. Qg3 Qxg3+ 32.
fxg3 Nf6 33. Bf4 Nxg4 34. Bxd6 Rf2 35. b4 c4 36. Rac1 Rxa2 37. Bf4 Nf2 38. Kg2 Nd1+ 39. Kh3 Nf2+ 40. Kh4 Rb2 41. Be3 Kf7 42. Ra1 a5 43. bxa5 bxa5 44. Ra3 Ke6 45. Bd4 Bb1 46. Bxb2 Nd3 47.
Rxe4+ Kf5 48. Re2 1-0